AoeStats
← DarkSaintOfWar

Arena

508986576Analyzed
4v4 RM · 8d ago on Sep 25, 2026· 49m 25s· 8 players
Game mode
Random Map
Map size
Large (8 player)
Population
200
Speed
Normal
Resources
Standard
Victory
Conquest
Starting age
Dark Age
Ending age
Imperial Age
RankedLock teamsTeams togetherTeam positionsShared explorationLock speedFull tech treeHidden civsTurbo modeCheats
Victory
Defeat
🇧🇷 Huns · Brazil
735
+11
🇨🇱 Romans · Chile
645
+15
🇧🇷 Maya · Brazil
628
+16
🇨🇱 Franks · Chile
578
+17
🇨🇴 Khmer · Colombia
671
-17
🇺🇸 Varangians · United States
634
-15
🇺🇸 Chinese · United States
594
-14
🇮🇹 Persians · Italy
583
-13
DarkSaintOfWar
18:17 Feudal Age
20:41 Wheelbarrow
19:53 Horse Collar
20:06 Double-Bit Axe
20:17 Gold Mining
20:22 Stone Mining
26:56 Castle Age
29:11 Scale Barding Armor
29:17 Forging
29:08 Scale Mail Armor
29:00 Fletching
28:59 Arson
31:05 Bloodlines
31:21 Hand Cart
31:14 Heavy Plow
31:54 Stone Shaft Mining
31:38 Bow Saw
31:33 Caravan
31:46 Husbandry
31:55 Squires
32:35 Treadmill Crane
33:16 Ballistics
34:45 Chain Barding Armor
35:01 Iron Casting
34:42 Chain Mail Armor
34:23 Bodkin Arrow
39:05 Fortified Wall
Hitman4Hire24
0:33 Loom
13:46 Feudal Age
15:11 Wheelbarrow
14:20 Horse Collar
14:28 Double-Bit Axe
15:34 Town Watch
15:46 Man-at-Arms
27:28 Forging
28:20 Arson
30:05 Gold Mining
31:02 Bloodlines
31:37 Scale Mail Armor
31:38 Padded Archer Armor
36:40 Castle Age
37:37 Fletching
38:03 Leather Archer Armor
38:04 Chain Mail Armor
38:25 Iron Casting
37:55 Scale Barding Armor
37:22 Light Cavalry
38:03 Husbandry
38:25 Hand Cart
38:44 Pikeman
39:26 Squires
39:44 Town Patrol
43:29 Bow Saw
43:23 Heavy Plow
44:03 Gold Shaft Mining
43:19 Stone Mining
patolo9393
9:48 Feudal Age
11:16 Wheelbarrow
10:54 Double-Bit Axe
12:54 Horse Collar
17:29 Gold Mining
21:59 Castle Age
22:40 Hand Cart
22:28 Heavy Plow
22:43 Bow Saw
23:45 Gold Shaft Mining
30:42 Scale Barding Armor
31:04 Husbandry
32:25 Bloodlines
35:43 Imperial Age
36:33 Conscription
36:50 Crop Rotation
36:54 Chain Barding Armor
40:07 Cavalier
41:52 Savar
43:45 Conscription
44:49 Plate Barding Armor
44:25 Forging
47:11 Iron Casting
Pino
9:50 Feudal Age
11:30 Horse Collar
19:35 Castle Age
18:55 Double-Bit Axe
20:37 Bow Saw
24:16 Loom
29:04 Gold Mining
32:01 Fletching
33:20 Gold Shaft Mining
33:13 Bodkin Arrow
33:32 Tusk Swords
33:59 Ballistics
33:34 Town Watch
34:24 Wheelbarrow
37:08 Imperial Age
34:52 Heavy Plow
35:06 Murder Holes
Tayssa09
11:47 Feudal Age
16:26 Castle Age
22:56 Horse Collar
23:03 Double-Bit Axe
23:31 Gold Mining
24:16 Heavy Plow
26:29 Wheelbarrow
26:58 Marauders
31:25 Imperial Age
31:18 Gold Shaft Mining
30:57 Bow Saw
30:59 Scale Barding Armor
31:50 Husbandry
31:47 Elite Tarkan
34:57 Chain Barding Armor
34:49 Forging
40:22 Iron Casting
45:54 Hand Cart
evairdaniel
9:36 Loom
15:25 Feudal Age
20:31 Double-Bit Axe
20:42 Arson
23:49 Horse Collar
28:55 Castle Age
27:37 Forging
27:27 Scale Mail Armor
27:28 Padded Archer Armor
28:23 Fletching
29:15 Wheelbarrow
29:54 Stone Mining
31:26 Elite Skirmisher
43:52 Bow Saw
43:45 Heavy Plow
50:00 Hand Cart
lothal
0:33 Loom
16:01 Feudal Age
17:06 Horse Collar
23:13 Castle Age
23:23 Castle Age
24:10 Double-Bit Axe
24:19 Gold Mining
25:54 Town Watch
25:41 Man-at-Arms
26:24 Squires
26:38 Scale Mail Armor
26:30 Long Swordsman
28:59 Bow Saw
29:43 Heavy Plow
31:31 Pikeman
39:38 Fortified Wall
39:46 Chain Mail Armor
39:43 Forging
40:11 Masonry
41:19 Gold Shaft Mining
40:36 Stone Mining
41:52 Caravan
46:27 Imperial Age
44:34 Wheelbarrow
45:12 Ballistics
47:23 Iron Casting
46:54 Scale Barding Armor
46:30 Capped Ram
46:33 Heavy Scorpion
47:18 Legionary
48:15 Ballistas
48:42 Conscription
50:50 Chemistry
49:57 Siege Engineers
50:09 Hand Cart
50:29 Crop Rotation
sebajr10
11:35 Feudal Age
12:53 Wheelbarrow
12:06 Double-Bit Axe
18:47 Castle Age
19:43 Hand Cart
22:02 Gold Mining
22:10 Stone Mining
23:31 Bow Saw
25:04 Forging
25:00 Scale Barding Armor
27:03 Iron Casting
28:29 Gold Shaft Mining
32:14 Chain Barding Armor
34:28 Imperial Age
32:28 Husbandry
36:11 Chemistry
34:48 Cavalier
37:35 Blast Furnace
37:11 Plate Barding Armor
38:18 Paladin
41:18 Chivalry
Connection lost

Rejoining the realm…

Still unreachable

The connection could not be restored.

Session expired

The server has moved on; the page needs a fresh start.